Map: Oceanborn LE

Players

Blade

  • Race: Zerg Zerg
  • League: Platinum
  • Spawn Location: 11:00

Subwayeatn - Winner!

  • Race: Zerg Zerg
  • League: Platinum
  • Spawn Location: 5:00

VOD

Have the link to the VOD?

Description

Time

  • Played on: Oct. 28, 2023, 7:07 p.m.
  • Length: 4:10
Show
View Real Time Build Order
Export as new Build Order

Blade Zerg 

Build Orders: Hatch First 

Get SALT Encoding   

  12  0:00  Drone  
  13  0:08  Drone  
  14  0:37  Hatchery  
  14  0:38  Drone  
  14  0:56  Spawning Pool  
  13  0:57  Drone  
  14  1:04  Overlord  
  14  1:23  Drone x3  
  17  1:34  Extractor  
  17  1:35  Drone  
  17  1:43  Queen  
  17  1:45  Overlord  
  19  1:52  Queen  
  21  1:55  Drone  
  21  1:59  Zergling x2  
  23  2:11  Drone  
  23  2:12  Drone  
  25  2:18  Roach Warren  
  24  2:24  Drone  
  24  2:28  Drone  
  26  2:30  Drone  
  26  2:31  Drone  
  27  2:42  Spine Crawler  
  26  2:44  Zergling x2  
  26  2:45  Zergling x2  
  28  2:53  Zergling x2  
  28  2:54  Zergling x2  
  25  3:07  Roach  
  25  3:08  Drone  
  16  3:31  Roach  
  20  3:34  Roach  
  20  3:37  Drone  
  21  3:46  Drone  
Show
View Real Time Build Order
Export as new Build Order

Subwayeatn Zerg - Winner!

Build Orders: Pool First 

Get SALT Encoding   

  12  0:01  Drone  
  13  0:09  Drone  
  13  0:12  Extractor  
  13  0:28  Spawning Pool  
  12  0:58  Hatchery  
  11  1:15  Queen  
  13  1:26  Metabolic Boost  
  13  1:36  Overlord  
  13  1:40  Zergling x2  
  14  1:54  Zergling x2  
  14  1:55  Zergling x2  
  14  1:59  Zergling x2  
  17  2:09  Queen  
  17  2:12  Zergling x2  
  20  2:20  Zergling x2  
  20  2:21  Zergling x2  
  22  2:35  Zergling x6  
  25  2:43  Zergling x2  
  24  3:10  Zergling x12  
  22  3:23  Zergling x6  
  24  3:30  Zergling x2  
  24  3:31  Zergling x2  
Tags
 
Add a new tag
Caveats
  • Supply blocks, unpowered buildings, or Contaminate may cause inaccurate times.
  • Supply counts are checked every 10 seconds.